 Dungeon Crawl Stone Soup version 0.27.0-1-g7a089689b8 (webtiles) character file.

Game seed: 12826800021474254779

459 Fama the Digger (level 7, -5/36 HPs)
             Began as a Gargoyle Earth Elementalist on Aug 1, 2021.
             Slain by an iguana (11 damage)
             ... on level 5 of the Dungeon.
             The game lasted 00:06:32 (5354 turns).

Fama the Digger (Gargoyle Earth Elementalist)       Turns: 5354, Time: 00:06:33

Health: -5/36      AC:  7    Str: 17    XL:     7   Next: 6%
Magic:  8/12       EV: 12    Int: 18    God:
Gold:   185        SH:  0    Dex: 10    Spells: 6/12 levels left

rFire    . . .     SeeInvis .   f - +0 whip (elec)
rCold    . . .     Faith    .   (no shield)
rNeg     + . .     Spirit   .   b - +0 robe
rPois    ∞         Reflect  .   (no helmet)
rElec    +         Harm     .   (no cloak)
rCorr    .         Rampage  .   (no gloves)
Will     +....                  l - +0 pair of boots
Stlth    ++........             (no amulet)
HPRegen  0.12/turn              h - +6 ring of strength
MPRegen  0.13/turn              v - ring of willpower

@: no status effects
A: sickness immunity, AC +4, negative energy resistance 1, electricity
resistance, torment resistance 1, petrification resistance
a: no special abilities


You were on level 5 of the Dungeon.
You visited 2 branches of the dungeon, and saw 6 of its levels.

You collected 185 gold pieces.

Inventory:

Hand Weapons
 f - a +0 whip of electrocution (weapon)
Missiles
 c - 99 stones
 m - 6 silver boomerangs
Armour
 b - a +0 robe (worn)
 l - a +0 pair of boots (worn)
 o - a +0 buckler
Jewellery
 h - a +6 ring of strength (left hand)
 v - a ring of willpower (right hand)
Wands
 t - a wand of acid (7)
Scrolls
 d - 2 scrolls of fog {unknown}
 e - 2 scrolls of enchant armour {unknown}
 k - a scroll of vulnerability {unknown}
 n - 2 scrolls of teleportation {unknown}
 q - a scroll of amnesia {unknown}
 r - a scroll of magic mapping {unknown}
 s - 2 scrolls of identify {unknown}
 u - a scroll of fear {unknown}
Potions
 a - a potion of resistance {unknown}
 g - a potion of might {unknown}
 i - 2 potions of degeneration {unknown}
 j - 3 potions of curing {unknown}
 p - a potion of mutation {unknown}


   Skills:
 - Level 0.1 Fighting
 - Level 0.2 Short Blades
 + Level 2.8 Dodging
 - Level 2.3 Stealth
 * Level 2.3 Shields
 + Level 3.3 Spellcasting
 * Level 2.3 Conjurations
 - Level 1.0 Transmutations
 * Level 6.3 Earth Magic


You had 6 spell levels left.
You knew the following spells:

 Your Spells              Type           Power      Damage    Failure   Level
a - Sandblast             Erth           50%        2d12      1%          1
b - Passwall              Tmut/Erth      13%        N/A       5%          2
c - Stone Arrow           Conj/Erth      36%        3d9       8%          3

Your spell library contained the following spells:

 Spells                   Type           Power      Damage    Failure   Level
 Petrify                  Tmut/Erth      16%        N/A       34%         4
 Bolt of Magma            Conj/Fire/Erth 6%         4d6       80%         5
 Dispersal                Tloc           1%         N/A       100%        6
 Disjunction              Tloc           1%         N/A       100%        8
 Shatter                  Erth           12%        3d13*     100%        9


Dungeon Overview and Level Annotations

Branches:
Dungeon (5/15)             Temple (1/1) D:4

Altars:
Ashenzari
Cheibriados
Kikubaaqudgha
Okawaru
Qazlal
Ru
Vehumet
Wu Jian
Xom
Yredelemnul
Zin

Annotations:
D:3 2 runed translucent doors


Innate Abilities, Weirdness & Mutations

You are immune to sickness and miasma.
Your stone body is resilient. (AC +4)
You are immune to poison.
You resist negative energy. (rN+)
You are resistant to electric shocks. (rElec)
You are resistant to unholy torment.
You are immune to petrification.


Message History

There is a stone staircase leading down here.
You climb downwards.
There is a stone staircase leading up here.
You now have 176 gold pieces (gained 8).
You now have 185 gold pieces (gained 9).
An iguana comes into view.
The iguana hisses angrily.
The iguana bites you.
You barely miss the iguana. The iguana closely misses you.
You hit the iguana but do no damage. The iguana bites you!
You hit the iguana.
The iguana is moderately wounded.
The iguana bites you!
You are too injured to fight recklessly!
You are too injured to fight recklessly!
Aiming: Sandblast (safe; 1% risk of failure)
Press: ? - help, Q - select action, (/) - cycle Shift-Dir - straight line, f - iguana
Aim: an iguana (moderately wounded, 83% to hit)
The blast of sand hits the iguana.
The iguana is moderately wounded.
The iguana bites you but does no damage.
Aiming: Sandblast (safe; 1% risk of failure)
Press: ? - help, Q - select action, (/) - cycle Shift-Dir - straight line, f/p - iguana
Aim: an iguana (moderately wounded, 83% to hit)
The blast of sand hits the iguana but does no damage.
The iguana is moderately wounded.
The iguana misses you.
Aiming: Sandblast (safe; 1% risk of failure)
Press: ? - help, Q - select action, (/) - cycle Shift-Dir - straight line, f/p - iguana
Aim: an iguana (moderately wounded, 83% to hit)
The blast of sand hits the iguana.
The iguana is severely wounded.
The iguana bites you!
* * * LOW HITPOINT WARNING * * *
Aiming: Sandblast (safe; 1% risk of failure)
Press: ? - help, Q - select action, (/) - cycle Shift-Dir - straight line, f/p - iguana
Aim: an iguana (severely wounded, 83% to hit)
The blast of sand misses the iguana.
The iguana bites you!
You die...

### #####.# # #.....#
#.#####.###l#
#.#....[..#@# #
#.....#.#.#.#.###
#..<#.#.#.....##
######..............
.......>.............
####....#.####....###
.......#..)........
###...#####)..##..##
..... ..8#...#


You could see an iguana.

Vanquished Creatures
  A scorpion (D:4)
  2 bullfrog zombies (D:5)
  An orc priest (D:3)
  3 iguanas
  Ijyb (D:4)
  2 hound skeletons
  4 gnolls (D:5)
  6 adders
  A worm (D:2)
  5 dart slugs
  8 orcs
  3 ball pythons
  7 bats
  5 endoplasms
  4 giant cockroaches
  5 goblins
  8 hobgoblins
  2 jackals (D:2)
  3 kobolds
  A frilled lizard (D:1)
  4 rats (D:1)
76 creatures vanquished.

Vanquished Creatures (others)
  3 fungi (D:3)
  4 plants (D:3)
7 creatures vanquished.

Grand Total: 83 creatures vanquished

Notes
Turn   | Place    | Note
-------+----------+-------------------------------------------
     0 | D:1      | Fama the Gargoyle Earth Elementalist began the quest for
                  | the Orb.
     0 | D:1      | Reached XP level 1. HP: 10/10 MP: 3/3
   131 | D:1      | Reached XP level 2. HP: 15/15 MP: 5/5
   137 | D:1      | Reached skill level 4 in Earth Magic
   654 | D:1      | Reached XP level 3. HP: 19/19 MP: 6/6
   776 | D:1      | Learned a level 2 spell: Passwall
   780 | D:1      | Learned a level 3 spell: Stone Arrow
  1146 | D:2      | Reached skill level 1 in Transmutations
  1462 | D:2      | Reached XP level 4. HP: 24/24 MP: 4/7
  2018 | D:3      | Reached skill level 5 in Earth Magic
  2026 | D:3      | Reached XP level 5. HP: 15/28 MP: 1/9
  2397 | D:3      | Found a faded altar of an unknown god.
  2423 | D:3      | Found a snail-covered altar of Cheibriados.
  2561 | D:3      | Found a large runed translucent door.
  2562 | D:3      | Found a large runed translucent door.
  2865 | D:4      | Found a staircase to the Ecumenical Temple.
  3082 | Temple   | Entered the Ecumenical Temple
  3230 | D:4      | Reached skill level 1 in Shields
  3230 | D:4      | Reached skill level 1 in Conjurations
  3230 | D:4      | Reached XP level 6. HP: 32/32 MP: 7/10
  3446 | D:4      | Found an ancient bone altar of Kikubaaqudgha.
  3810 | D:4      | Noticed Ijyb
  3816 | D:4      | Killed Ijyb
  3817 | D:4      | Reached skill level 6 in Earth Magic
  4116 | D:5      | Entered Level 5 of the Dungeon
  4118 | D:5      | Noticed a sky beast
  5045 | D:5      | Reached XP level 7. HP: 36/36 MP: 10/12
  5354 | D:5      | Slain by an iguana

Illustrated notes

Levels and vault maps discovered:
D:1:      elethiomel_arrival_infinity_welcomes_careful_drivers, layout_rooms,
          serial_bayou_ford_a, bh_walls_and_bars
D:2:      layout_basic, minmay_tetromino_t2
D:3:      layout_basic, kennysheep_slug_shrine, jmf_multi_god_temple2,
          shapermc_ecumenical_altar_mp_ritualfount
D:4:      layout_basic, kiku_gazebo_garden_becter,
          minmay_temple_entry_stoned_glass, uniq_ijyb
D:5:      layout_basic, serial_corexii_hall, corexii_hall_statues_x,
          chequers_hall_statues_y, corexii_hall_statues_s,
          chequers_decorated_corner, hangedman_abyss_or_decor_passed
Temple:   nicolae_temple_figure_zero

Skill      XL: |  1  2  3  4  5  6 |
---------------+-------------------+-----
Earth Magic    | 4 5 6 |  6.3
Dodging        | 2 |  2.8
Transmutations | 1 |  1.0
Spellcasting   | 3 |  3.3
Shields        | 1 2 |  2.3
Conjurations   | 1 2 |  2.3
Fighting       | |  0.1
Short Blades   | |  0.2
Stealth        | |  2.3

Action                   |  1- 3 |  4- 6 |  7- 9 || total
-------------------------+-------+-------+-------++-------
Melee: Unarmed           |     4 |       |       ||     4
       Short sword       |    21 |       |       ||    21
       Whip              |    53 |    91 |     3 ||   147
Throw: Boomerang         |       |     2 |       ||     2
 Cast: Sandblast         |    10 |    36 |    15 ||    61
 Stab: Sleeping          |     3 |     6 |       ||     9
Armor: Robe              |    25 |    33 |     1 ||    59
Dodge: Dodged            |    58 |    52 |     6 ||   116
